 Dungeon Crawl Stone Soup version 0.21.1-1-g345015f (webtiles) character file.

4 keltmir the Skirmisher (level 1, -3/20 HPs)
             Began as a Gnoll Wanderer on Apr 5, 2018.
             Slain by a gnoll
             ... wielding a +0 halberd
              (9 damage)
             ... on level 1 of the Dungeon.
             The game lasted 00:01:12 (199 turns).

keltmir the Skirmisher (Gnoll Wanderer)              Turns: 199, Time: 00:01:13

Health: -3/20      AC:  2    Str: 16    XL:     1   Next: 70%
Magic:  3/4        EV: 11    Int: 13    God:
Gold:   29         SH:  0    Dex: 13    Spells: 4/5 levels left

rFire    . . .     SeeInvis .   c - +0 short sword
rCold    . . .     Gourm    .   (no shield)
rNeg     . . .     Faith    .   d - +0 robe
rPois    .         Spirit   .   (no helmet)
rElec    .         Reflect  .   (no cloak)
rCorr    .         Harm     .   (no gloves)
MR       .....                  (no boots)
Stlth    ++........             (no amulet)
HPRegen  0.06/turn              (no ring)
MPRegen  0.09/turn              (no ring)

@: very slightly contaminated
A: distributed training, fangs 1, strong nose
a: no special abilities


You were on level 1 of the Dungeon.
You were not hungry.

You visited 1 branch of the dungeon, and saw 1 of its levels.

You collected 29 gold pieces.

Inventory:

Hand Weapons
 c - a +0 short sword (weapon)
 e - a +0 dagger
Armour
 d - a +0 robe (worn)
 h - a +0 chain mail
Wands
 a - a wand of enslavement (15)
Books
 b - the Almanac of Aid

   Spells                             Type                      Level
   a - Infusion                       Charms                       1
   b - Spectral Weapon                Hexes/Charms                 3
Comestibles
 f - 2 rations
 g - 3 chunks of flesh


   Skills:
 + Level 4.4 Fighting
 + Level 2.4 Short Blades
 + Level 0.1 Long Blades
 + Level 0.1 Axes
 + Level 0.1 Maces & Flails
 + Level 0.1 Polearms
 + Level 0.1 Staves
 + Level 0.1 Slings
 + Level 0.1 Bows
 + Level 0.1 Crossbows
 + Level 2.4 Throwing
 + Level 0.1 Armour
 + Level 0.1 Dodging
 + Level 4.0 Stealth
 + Level 0.1 Shields
 + Level 0.1 Unarmed Combat
 + Level 2.6 Spellcasting
 + Level 0.1 Conjurations
 + Level 0.1 Hexes
 + Level 0.1 Charms
 + Level 0.1 Summonings
 + Level 0.1 Necromancy
 + Level 0.1 Translocations
 + Level 0.1 Transmutations
 + Level 0.1 Fire Magic
 + Level 2.0 Ice Magic
 + Level 0.1 Air Magic
 + Level 2.0 Earth Magic
 + Level 0.1 Poison Magic
 + Level 0.2 Invocations
 + Level 2.4 Evocations


You had 4 spell levels left.
You knew the following spells:

 Your Spells              Type           Power        Failure   Level  Hunger
a - Infusion              Chrm           #...         22%         1    #......


Dungeon Overview and Level Annotations

Branches:
Dungeon (1/15)

Altars:


Innate Abilities, Weirdness & Mutations

Your experience applies equally to all skills.
You have very sharp teeth.
Your uncanny sense of smell can sniff out nearby items.


Message History

You miscast Infusion.
You are very lightly contaminated with residual magic.
You feel a strange surge of energy! The goblin hits you with a club.
The gnoll misses you.
You hit the goblin.
The goblin is moderately wounded.
The goblin hits you with a club. The gnoll barely misses you.
You barely miss the goblin. You bite the goblin.
The goblin is heavily wounded.
The goblin closely misses you.
You hit the goblin.
You kill the goblin!
Your Ice Magic skill increases to level 2!
Your Earth Magic skill increases to level 2!
The gnoll hits you from afar with a halberd!
Ouch! That really hurt!
* * * LOW HITPOINT WARNING * * *
You aren't carrying any potions.
The gnoll hits you with a halberd!
You die...

.. ####.#...## .# ##
..#.###..# ##.####. ##.#.#
##.## ###..#(...####..#.#
#..## #.................#
##..# .....##.###...##### ##.#
....###.# #.### ##.#####
#.#..##.###.###########......#
............)..g@............#
.###.#..###############......#
.###...## ##### #......#
.......##...... ####.###
............... #.#
.###........... #.#
###..####...... #.## ....##
...... #..## .... .....
#####...####


You could see a gnoll.

Vanquished Creatures
  A bat (D:1)
  2 frilled lizards (D:1)
  2 goblins (D:1)
5 creatures vanquished.

Notes
Turn   | Place    | Note
-------+----------+-------------------------------------------
     0 | D:1      | keltmir the Gnoll Wanderer began the quest for the Orb.
     0 | D:1      | keltmir set off with: a wand of enslavement (15), the Almanac of Aid, a +0 short sword, a +0 robe, a +0 dagger, a ration
     0 | D:1      | Reached XP level 1. HP: 20/20 MP: 4/4
     1 | D:1      | Identified the Almanac of Aid
     3 | D:1      | Learned a level 1 spell: Infusion
   199 | D:1      | Slain by a gnoll

Skill      XL: |  1 |
---------------+----+-----
Ice Magic      | 2 |  2.0
Earth Magic    | 2 |  2.0
Fighting       | |  4.4
Short Blades   | |  2.4
Long Blades    | |  0.1
Axes           | |  0.1
Maces & Flails | |  0.1
Polearms       | |  0.1
Staves         | |  0.1
Slings         | |  0.1
Bows           | |  0.1
Crossbows      | |  0.1
Throwing       | |  2.4
Armour         | |  0.1
Dodging        | |  0.1
Stealth        | |  4.0
Shields        | |  0.1
Unarmed Combat | |  0.1
Spellcasting   | |  2.6
Conjurations   | |  0.1
Hexes          | |  0.1
Charms         | |  0.1
Summonings     | |  0.1
Necromancy     | |  0.1
Translocations | |  0.1
Transmutations | |  0.1
Fire Magic     | |  0.1
Air Magic      | |  0.1
Poison Magic   | |  0.1
Invocations    | |  0.2
Evocations     | |  2.4

Action                   || total
-------------------------++-------
Melee: Short sword       ||    10
       Bite              ||     1
 Cast: Infusion          ||     4
 Stab: Sleeping          ||     2
Armor: Robe              ||     7
Dodge: Dodged            ||    18
